 Dungeon Crawl Stone Soup version 0.31.0-12-g77e489cdc1 (webtiles) character file.

Game seed: 3484701798324592353

6416 BlackCrag the Thaumaturge (level 10, -4/51 HPs)
             Began as a Deep Elf Earth Elementalist on Mar 4, 2024.
             Was a Believer of Sif Muna.
             Slain by an entropy weaver (shapeshifter) (12 damage)
             ... on level 8 of the Dungeon.
             The game lasted 00:39:50 (9268 turns).

BlackCrag the Thaumaturge (DEEE)                    Turns: 9268, Time: 00:39:51

Health: -4/51      AC:  6    Str:  5    XL:     10   Next: 66%
Magic:  13/29      EV: 13    Int: 25    God:    Sif Muna [**....]
Gold:   351        SH:  0    Dex: 15    Spells: 15/36 levels left

rFire   . . .        v - +4 long sword (freeze)
rCold   . . .        (no shield)
rNeg    + . .        w - +2 robe {rN+}
rPois   .            (no helmet)
rElec   .            q - +0 cloak
rCorr   .            (no gloves)
SInv    .            o - +0 pair of boots
Will    +....        (no amulet)
Stlth   +++          i - ring of flight
HPRegen 0.28/turn    (no ring)
MPRegen 0.21/turn

%: no passive effects
@: flying
A: no striking features
a: Renounce Religion, Channel Magic


You were on level 8 of the Dungeon.
You worshipped Sif Muna.
Sif Muna was pleased with you.
You visited 2 branches of the dungeon, and saw 10 of its levels.

You collected 351 gold pieces.

Inventory:

Hand Weapons
 v - a +4 long sword of freezing (weapon)
Missiles
 j - a throwing net
Armour
 o - a +0 pair of boots (worn)
 q - a +0 cloak (worn)
 w - a +2 robe of positive energy (worn)
Magical Staves
 t - a staff of alchemy
Jewellery
 i - a ring of flight (left hand)
Wands
 u - a wand of polymorph (7)
Scrolls
 c - a scroll of fear {unknown}
 f - a scroll of vulnerability {unknown}
 g - a scroll of immolation {unknown}
 k - a scroll of teleportation
 m - 2 scrolls of revelation {unknown}
 n - 2 scrolls of fog
Potions
 a - a potion of mutation
 b - 2 potions of magic
 d - a potion of heal wounds
 e - 3 potions of curing
 h - a potion of cancellation
 l - a potion of ambrosia {unknown}
 p - a potion of brilliance {unknown}
 r - a potion of haste {unknown}
 s - 2 potions of might {unknown}


   Skills:
 + Level 0.3 Fighting
 + Level 3.5 Dodging
 + Level 4.3 Stealth
 * Level 13.9 Spellcasting
 * Level 7.3 Conjurations
 * Level 4.9 Fire Magic
 * Level 9.8 Earth Magic
 + Level 1.1 Alchemy
 + Level 0.1 Evocations


You had 15 spell levels left.
You knew the following spells:

 Your Spells              Type           Power      Damage    Failure   Level
a - Sandblast             Erth           100%       2d20      1%          1
b - Passwall              Erth           61%        N/A       1%          3
c - Stone Arrow           Conj/Erth      100%       3d13      1%          3
d - Petrify               Alch/Erth      44%        N/A       3%          4
e - Iskenderun's Battles  Conj           52%        2d10      4%          5
f - Fireball              Conj/Fire      24%        3d11      8%          5

Your spell library contained the following spells:

 Spells                   Type           Power      Damage    Failure   Level
 Brom's Barrelling Bould  Conj/Erth      57%        2d7       1%          4
 Gell's Gravitas          Tloc           17%        N/A       10%         3
 Teleport Other           Tloc           17%        N/A       10%         3
 Conjure Ball Lightning   Conj/Air       17%        3x3d6     75%         6
 Orb of Destruction       Conj           26%        9d9       80%         7
 Dispersal                Tloc           8%         N/A       99%         6


Dungeon Overview and Level Annotations

Branches:
Dungeon (9/15)             Temple (1/1) D:6
   Lair: D:8-11         Orc: D:9-12

Altars:
Ashenzari
Dithmenos
Elyvilon
Fedhas
Gozag
Hepliaklqana
Kikubaaqudgha
Makhleb
Nemelex Xobeh
Okawaru
Qazlal
Sif Muna
Trog
Uskayaw
Wu Jian
Xom
Yredelemnul
Zin
The Shining One

Annotations:
D:8 1 runed translucent door, zxspectator's ghost, novice GrEE


Message History

Press: ? - help, Shift-Dir - straight line, f - entropy weaver
Aim: an entropy weaver (69% to hit)
The stone arrow misses the entropy weaver.
Casting: Stone Arrow (safe; 1% risk of failure)
Confirm with . or Enter, or press ? or * to list all spells.
Aiming: Stone Arrow (safe; 1% risk of failure)
Press: ? - help, Shift-Dir - straight line, f/p - entropy weaver
Aim: an entropy weaver (69% to hit)
The stone arrow hits the entropy weaver!!
The entropy weaver is moderately wounded.
Your battlesphere fires!
The barrage of energy hits the entropy weaver!
The entropy weaver is heavily wounded.
Casting: Stone Arrow (safe; 1% risk of failure)
Confirm with . or Enter, or press ? or * to list all spells.
Aiming: Stone Arrow (safe; 1% risk of failure)
Press: ? - help, Shift-Dir - straight line, f/p - entropy weaver
Aim: an entropy weaver (heavily wounded, ally target, 69% to hit)
The stone arrow hits the entropy weaver!
The entropy weaver is severely wounded.
Your battlesphere fires!
The barrage of energy hits the entropy weaver.
The entropy weaver is severely wounded.
The entropy weaver hits you but does no damage.
The entropy weaver hits you! x3
Casting: Stone Arrow (safe; 1% risk of failure)
Confirm with . or Enter, or press ? or * to list all spells.
Aiming: Stone Arrow (safe; 1% risk of failure)
Press: ? - help, Shift-Dir - straight line, f/p - entropy weaver
Aim: an entropy weaver (severely wounded, ally target, 69% to hit)
The stone arrow misses the entropy weaver.
Your battlesphere fires!
The barrage of energy hits the entropy weaver!
The entropy weaver is almost dead.
The entropy weaver hits you!
* * * LOW HITPOINT WARNING * * *
The entropy weaver misses you. The entropy weaver closely misses you.
The entropy weaver barely misses you. The entropy weaver closely misses you.
The entropy weaver hits you!
You die...

.†...........>................#
.#.#...#.#..#.#.#######.#####.###
.#.....#.#..#[#.# #.....# #.....
.#<##..#.#..#.#.# #.##### #..###
.#.##..#.#......# #.# #..##<
.#.##....#.##.### #.########..##.
......####.##.#####..............
.#.#### #.#......###############
.#.#######......@*......
..........##...B..######
..........##......#
..........##......#
..........##......### ######
..................... ....##
#.........###.############.#..#
#.........# #.#...............#
#.........# #.#...............#


You could see an entropy weaver (ally target) and a friendly battlesphere.

Vanquished Creatures
  A two-headed ogre (D:9)
  A centaur warrior (D:8)
  Pikel (D:5)
  An unseen horror zombie (D:9)
  A troll (D:7)
  2 yaks (D:9)
  2 water moccasins
  A black bear (D:7)
  An orc warrior (D:9)
  An ice beast (D:6)
  A sky beast (D:7)
  3 centaurs
  3 ogres
  5 bullfrogs
  2 scorpions (D:5)
  2 burial acolytes (D:9)
  16 wights
  10 killer bees
  6 bombardier beetles
  A centaur zombie (D:9)
  5 orc priests
  2 gnoll boudas
  A human zombie (D:9)
  A jelly (D:5)
  A centaur skeleton (D:9)
  2 hounds (D:6)
  2 iguanas
  A sleepcap (D:5)
  8 orc wizards
  2 howler monkey zombies (D:9)
  10 gnolls
  10 adders
  A howler monkey skeleton (D:9)
  2 white imps
  2 ufetubi (D:6)
  4 dart slugs
  A ribbon worm (D:3)
  25 orcs
  6 ball pythons
  7 bats
  9 endoplasms
  2 giant cockroaches (D:1)
  8 goblins
  7 hobgoblins
  4 quokkas
  3 frilled lizards
  9 kobolds
  4 rats
200 creatures vanquished.

Notes
Turn   | Place    | Note
-------+----------+-------------------------------------------
     0 | D:1      | BlackCrag the Deep Elf Earth Elementalist began the quest
                  | for the Orb.
     0 | D:1      | Reached XP level 1. HP: 10/10 MP: 6/6
   161 | D:1      | Reached XP level 2. HP: 14/15 MP: 4/8
   702 | D:1      | Reached XP level 3. HP: 19/19 MP: 6/10
   735 | D:1      | Learned a level 3 spell: Passwall
   739 | D:1      | Learned a level 3 spell: Stone Arrow
   958 | D:1      | Found a faded altar of an unknown god.
  1229 | D:2      | Reached skill level 4 in Spellcasting
  1238 | D:2      | Reached XP level 4. HP: 3/24 MP: 4/12
  2158 | D:3      | Reached skill level 5 in Spellcasting
  2595 | D:3      | Reached XP level 5. HP: 28/28 MP: 7/14
  2672 | D:3      | Learned a level 4 spell: Petrify
  3203 | D:4      | Reached skill level 6 in Spellcasting
  3270 | D:4      | Reached skill level 5 in Earth Magic
  3506 | D:4      | Found a stormy altar of Qazlal.
  3675 | D:4      | Reached XP level 6. HP: 32/32 MP: 13/17
  3857 | D:5      | Entered Level 5 of the Dungeon
  3998 | D:5      | Noticed Pikel
  4006 | D:5      | Killed Pikel
  4007 | D:5      | Reached skill level 7 in Spellcasting
  4007 | D:5      | Reached XP level 7. HP: 25/36 MP: 13/20
  4009 | D:5      | Reached skill level 8 in Spellcasting
  4444 | D:5      | Reached XP level 8. HP: 41/41 MP: 14/22
  4492 | D:5      | Learned a level 5 spell: Iskenderun's Battlesphere
  4498 | D:5      | Learned a level 5 spell: Fireball
  4929 | D:5      | Reached skill level 9 in Spellcasting
  5521 | D:6      | Reached skill level 1 in Fire Magic
  5800 | D:6      | Reached skill level 1 in Alchemy
  6025 | D:6      | Found an ornate altar of the Wu Jian Council.
  6050 | D:6      | Reached skill level 10 in Spellcasting
  6589 | D:6      | Reached XP level 9. HP: 45/45 MP: 15/25
  6687 | D:6      | Found a staircase to the Ecumenical Temple.
  6693 | Temple   | Entered the Ecumenical Temple
  6698 | Temple   | Became a worshipper of Sif Muna the Loreminder
  7019 | D:7      | Noticed a troll
  7022 | D:7      | Killed a troll
  7023 | D:7      | Reached skill level 11 in Spellcasting
  7023 | D:7      | Reached skill level 5 in Conjurations
  7747 | D:8      | Reached skill level 12 in Spellcasting
  7945 | D:8      | Reached * piety under Sif Muna
  7987 | D:8      | Found a runed translucent door.
  7989 | D:8      | Noticed zxspectator's ghost (novice GrEE)
  8070 | D:8      | Noticed a centaur warrior
  8073 | D:8      | Noticed a skeletal warrior
  8076 | D:8      | Killed a centaur warrior
  8076 | D:8      | Noticed a two-headed ogre
  8077 | D:8      | Reached XP level 10. HP: 39/50 MP: 12/28
  8078 | D:8      | Noticed a cyclops
  8099 | D:9      | Noticed a two-headed ogre
  8103 | D:9      | Found a blossoming altar of Fedhas.
  8210 | D:9      | Reached skill level 13 in Spellcasting
  8391 | D:9      | Killed a two-headed ogre
  8746 | D:9      | Found an ancient bone altar of Kikubaaqudgha.
  8872 | D:9      | Reached ** piety under Sif Muna
  9263 | D:8      | Noticed an entropy weaver
  9268 | D:8      | Slain by an entropy weaver (shapeshifter)

Illustrated notes

Levels and vault maps discovered:
D:1:      psy_arrival_whirlpool, layout_basic,
          ebering_ecumenical_altar_abandoned
D:2:      layout_rooms
D:3:      layout_loops_corners
D:4:      layout_cave_pools, mainiacjoe_overflow_alcove_2,
          serial_co_window_serial, co_window_paths_a, co_window_paths_a,
          co_window_of_opportunity_a, co_window_paths_b, co_window_corner_a,
          co_window_cross_3, co_window_broadway_b, co_window_2corner,
          co_window_corner_b, co_window_2corner, co_window_paths_c,
          co_window_corner_b, glass_columns_a
D:5:      layout_loops_corners, uniq_pikel
D:6:      layout_loops_corners, nicolae_wu_jian_immortal_techniques,
          minmay_temple_entry_enclosed_plants
D:7:      layout_rooms
D:8:      minmay_bloctagon, layout_basic, hellmonk_ghost_big_iron
D:9:      layout_stronghold, mainiacjoe_overflow_six_doors_small,
          lemuel_mausoleum_altar_kikubaaqudgha
Temple:   minmay_freezing_vapour_temple

Skill      XL: |  1  2  3  4  5  6  7  8  9 10 |
---------------+-------------------------------+-----
Earth Magic    | 4 5 6 8 9 |  9.8
Spellcasting   | 4 5 6 7 8 10 12 13 | 13.9
Dodging        | 3 |  3.5
Stealth        | 3 4 |  4.3
Conjurations   | 3 4 6 7 |  7.3
Fire Magic     | 2 3 4 |  4.9
Alchemy        | 1 |  1.1
Fighting       | |  0.3
Evocations     | |  0.1

Action                     |  1- 3 |  4- 6 |  7- 9 | 10-12 || total
---------------------------+-------+-------+-------+-------++-------
  Melee: Dagger            |       |     1 |       |       ||     1
         Long sword        |       |       |     2 |       ||     2
   Cast: Sandblast         |    49 |    24 |    47 |    12 ||   132
         Stone Arrow       |       |    35 |    75 |    48 ||   158
         Passwall          |       |     4 |     2 |       ||     6
         Petrify           |       |       |     6 |       ||     6
         Iskenderun's Batt |       |       |    11 |     6 ||    17
         Fireball          |       |       |     3 |     2 ||     5
  Evoke: Wand              |       |       |     1 |       ||     1
    Use: Scroll            |       |     5 |     6 |     1 ||    12
         Potion            |       |     1 |     1 |     1 ||     3
 Armour: Robe              |     4 |     9 |    35 |    32 ||    80
  Dodge: Dodged            |     7 |    14 |    16 |    31 ||    68
